General information
- name: grudge13
- type: Ladder 1vs1/FFA
- host: BEAR_AND
- saver: BEAR_AND
map: FrostedMeadows
- players: 6
- length: 07:53
- speed: Fast
- version: 1.21 W3XP
- replay type:

» download(27 KB)
Players
team 1 (loser)

»
WWGT]Diana (
green | 77 APM | 605 actions | 07:52)
2 Far Seer
1 Feral Spirit
1 Chain Lighting
1 Tauren Chieftain
1 War Stomp
» actions
| Assign group hotkey | 8 | |
| Basic commands | 15 | |
| Build / train | 22 | |
| Enter build submenu | 11 | |
| Enter hero's abilities submenu | 3 | |
| Right click | 303 | |
| Select / deselect | 125 | |
| Select group hotkey | 95 | |
| Use ability | 23 | |
605 total
» units
» upgrades
» buildings
| Altar of Storms | 1 | |
| Orc Burrow | 4 | |
| Barracks | 1 | |
| Stronghold | 1 | |
| Voodoo Lounge | 1 | |
| War Mill | 1 | |
| Fortress | 1 | |
10 total
» build order
00:07 Altar of Storms
00:12 Orc Burrow
00:51 Barracks
01:32 Orc Burrow
03:09 Stronghold
03:48 Orc Burrow
04:07 Voodoo Lounge
05:25 War Mill
06:00 Fortress
06:28 Orc Burrow
» items
| Dust of Appearance | 1 | |
| Healing Salve | 1 | |
| Lesser Clarity Potion | 1 | |
3 total
team 2 (winner)
WWGT]MekkaGobb (
red | 117 APM | 926 actions | 07:53)
2 Blademaster
1 Wind Walk
1 Critical Strike
1 Shadow Hunter
1 Hex
» actions
| Assign group hotkey | 52 | |
| Build / train | 44 | |
| Enter build submenu | 10 | |
| Enter hero's abilities submenu | 3 | |
| Give item / drop item | 1 | |
| Remove unit from queue | 2 | |
| Right click | 422 | |
| Select / deselect | 126 | |
| Select group hotkey | 238 | |
| Use ability | 28 | |
926 total
» units
» upgrades
| Berserker Strength | 1 | |
| Ensnare | 1 | |
2 total
» buildings
| Altar of Storms | 1 | |
| Orc Burrow | 3 | |
| Barracks | 1 | |
| Stronghold | 4 | |
| Voodoo Lounge | 1 | |
| War Mill | 1 | |
| Beastiary | 1 | |
| Spirit Lodge | 1 | |
13 total
» build order
00:03 Altar of Storms
00:12 Orc Burrow
00:39 Barracks
01:25 Orc Burrow
02:40 Stronghold
02:40 Stronghold
02:41 Stronghold
02:41 Stronghold
03:27 Voodoo Lounge
03:43 Orc Burrow
04:57 War Mill
05:13 Beastiary
05:59 Spirit Lodge
» items
| Healing Salve | 2 | |
| Lesser Clarity Potion | 2 | |
| Boots of Speed | 2 | |
6 total
observersBEAR_AND,
fineX.,
theqat,
VELOX_NEB Chat log
(00:07 / Observers) theqat: sharpen it to a fine point and kill him/her
(00:10 / Observers) VELOX_NEB: was the candy cane measured in inches or feet?
(00:14 / Observers) fineX.: cm
(00:17 / Observers) fineX.: owned
(00:19 / All) WWGT]Diana: gl hf
(00:22 / All) WWGT]MekkaGobb: gl hf
(01:18 / Observers) BEAR_AND: orc mirror....lol
(01:20 / Observers) VELOX_NEB: oo
(01:24 / Observers) VELOX_NEB: bm vs fs
(01:27 / Observers) VELOX_NEB: i love these games
(01:30 / Observers) BEAR_AND: nerd hero gonna get smoked
(01:38 / Observers) VELOX_NEB: maybe
(01:42 / Observers) VELOX_NEB: he'll have to run a lot
(02:03 / Observers) VELOX_NEB: rax not building
(02:06 / Observers) VELOX_NEB: gg diana
(02:29 / Observers) theqat: hero scouting, awesome
(02:34 / Observers) VELOX_NEB: seriously
(02:55 / Observers) VELOX_NEB: no tech
(02:56 / Observers) BEAR_AND: diana sitting on a lot of sources
(02:57 / Observers) VELOX_NEB: gg diana
(03:08 / Observers) fineX.: mekka gobb is a dirty liar
(03:16 / Observers) VELOX_NEB: i don't think i'll be watching this next match...
(03:28 / Observers) fineX.: this candy cane
(03:33 / Observers) fineX.: lacerated my tongue
(03:35 / Observers) fineX.: what the fuck
(03:56 / Observers) theqat: your teacher is obviously trying to kill you
(04:16 / Observers) fineX.: k
(04:22 / Observers) fineX.: i have filed it to a sharp point
(04:24 / Observers) fineX.: using my mouth
(04:27 / Observers) fineX.: now what
(04:32 / Observers) VELOX_NEB: stick it into your temple
(04:40 / Observers) fineX.: the tip snapped
(04:45 / Observers) theqat: o dear
(04:47 / Observers) fineX.: but it hurt a bit
(04:56 / Observers) VELOX_NEB: good
(04:59 / Observers) VELOX_NEB: >:D
(05:06 / Observers) fineX.: velox
(05:08 / Observers) fineX.: you sick fuck
(05:51 / Observers) VELOX_NEB: build something diana
(05:59 / Observers) VELOX_NEB: and get that grunt out of there noob
(06:19 / Observers) theqat: fortress . . . well, it's something, all right
(06:30 / Observers) VELOX_NEB: jesus
(06:38 / Observers) VELOX_NEB: and look at that burrow
(06:48 / Observers) theqat: rogue burrow
(06:58 / Observers) VELOX_NEB: dead burrow
(07:07 / Observers) VELOX_NEB: dust
(07:10 / Observers) VELOX_NEB: there you go
(07:27 / Observers) theqat: oh man
(07:37 / Observers) VELOX_NEB: smoked
(07:40 / Observers) fineX.: does diana know
(07:42 / Observers) fineX.: he has wolves
(07:47 / Observers) VELOX_NEB: maybe
(07:49 / All) WWGT]Diana: gg